 Dungeon Crawl Stone Soup version 0.27.1-1-g398f81649c (webtiles) character file.

Game seed: 4463013433722312796

28 H0rd4k the Magician (level 3, -1/21 HPs)
             Began as an Octopode Hedge Wizard on Sept 20, 2021.
             Succumbed to an adder's poison
             ... on level 2 of the Dungeon.
             The game lasted 00:02:17 (1729 turns).

H0rd4k the Magician (Octopode Hedge Wizard)         Turns: 1729, Time: 00:02:18

Health: -1/21      AC:  1    Str:  9    XL:     3   Next: 12%
Magic:  3/8        EV: 13    Int: 17    God:
Gold:   38         SH:  0    Dex: 11    Spells: 4/9 levels left

rFire    . . .     SeeInvis .   a - +0 dagger
rCold    . . .     Faith    .   (no shield)
rNeg     . . .     Spirit   .   b - +0 hat
rPois    .         Reflect  .   (no amulet)
rElec    .         Harm     .   (no ring)
rCorr    .         Rampage  .   (no ring)
Will     .....                  (no ring)
Stlth    +++.......             (no ring)
HPRegen  0.07/turn              (no ring)
MPRegen  0.11/turn              (no ring)
                                (no ring)
                                (no ring)

@: lethally poisoned (-1 -> -14)
A: almost no armour, amphibious, 8 rings, camouflage 1, gelatinous body 1,
(nimble swimmer 1), tentacles
a: no special abilities


You were on level 2 of the Dungeon.
You visited 1 branch of the dungeon, and saw 2 of its levels.

You collected 38 gold pieces.

Inventory:

Hand Weapons
 a - a +0 dagger (weapon)
Armour
 b - a +0 hat (worn)


   Skills:
 + Level 2.0 Dodging
 + Level 3.0 Stealth
 + Level 3.8 Spellcasting
 + Level 1.2 Conjurations
 + Level 1.0 Summonings
 + Level 1.0 Translocations


You had 4 spell levels left.
You knew the following spells:

 Your Spells              Type           Power      Damage    Failure   Level
a - Magic Dart            Conj           28%        1d4       10%         1
b - Blink                 Tloc           N/A        N/A       16%         2
c - Poisonous Vapours     Pois/Air       6%         N/A       24%         2

Your spell library contained the following spells:

 Spells                   Type           Power      Damage    Failure   Level
 Call Imp                 Summ           6%         N/A       16%         2
 Corpse Rot               Necr/Air       N/A        N/A       24%         2
 Slow                     Hex            3%         N/A       24%         2
 Conjure Flame            Conj/Fire      5%         6-21      36%         3
 Mephitic Cloud           Conj/Pois/Air  4%         N/A       38%         3
 Freezing Cloud           Conj/Ice/Air   2%         6-21      98%         5


Dungeon Overview and Level Annotations

Branches:
Dungeon (2/15)

Altars:

Annotations:
D:1 exclusion: downstairs


Innate Abilities, Weirdness & Mutations

You cannot wear most types of armour.
You are amphibious.
You can wear up to eight rings at the same time.
Your skin changes colour to match your surroundings (Stealth+).
Your rubbery body absorbs attacks. (AC +1, EV +1)
((You are camouflaged near water. (Stealth+)))
You have tentacles for arms and can constrict up to eight enemies at once.


Message History

You miscast Magic Dart.
Nothing appears to happen.
You feel very sick. The adder bites you.
You are lethally poisoned!
The adder poisons you!
The magic dart hits the adder.
The adder is moderately wounded.
You feel very sick. The adder bites you.
You are more poisoned.
The adder poisons you!
You are too injured to fight recklessly!
You are too injured to fight recklessly!
Unknown command.
You are too injured to fight recklessly!
You are too injured to fight recklessly!
Casting: Magic Dart (safe; 10% risk of failure)
Confirm with . or Enter, or press ? or * to list all spells.
Aiming: Magic Dart (safe; 10% risk of failure)
Press: ? - help, Shift-Dir - straight line, f/p - adder
Aim: an adder (moderately wounded, 100% to hit)
The magic dart hits the adder.
The adder is heavily wounded.
* * * LOW HITPOINT WARNING * * *
You feel very sick. The adder misses you. The adder barely misses you.
Casting: Magic Dart (safe; 10% risk of failure)
Confirm with . or Enter, or press ? or * to list all spells.
Aiming: Magic Dart (safe; 10% risk of failure)
Press: ? - help, Shift-Dir - straight line, f/p - adder
Aim: an adder (heavily wounded, 100% to hit)
The magic dart hits the adder.
The adder is heavily wounded.
* * * LOW HITPOINT WARNING * * *
You feel very sick. The adder closely misses you.
Unknown command.
It was a potion of cancellation.
You feel magically purged.
Your magical contamination has completely faded away.
You die...

.####### ## ........
.. .....##
###########.# ....
............
###S######.##.......
#..@................
#...................
#...................
#...................
#...............†...
###..(....###†......
######### #.....†.
#....).. #.......


You could see an adder.

Vanquished Creatures
  A dart slug (D:1)
  2 ball pythons
  3 bats
  4 endoplasms (D:1)
  2 giant cockroaches
  2 goblins
  A hobgoblin (D:2)
  2 kobolds
  A quokka (D:1)
  A frilled lizard (D:2)
  4 rats
23 creatures vanquished.

Notes
Turn   | Place    | Note
-------+----------+-------------------------------------------
     0 | D:1      | H0rd4k the Octopode Hedge Wizard began the quest for the
                  | Orb.
     0 | D:1      | Reached XP level 1. HP: 11/11 MP: 4/4
   187 | D:1      | Reached XP level 2. HP: 16/17 MP: 1/6
   867 | D:1      | Learned a level 2 spell: Blink
   870 | D:1      | Learned a level 2 spell: Poisonous Vapours
  1498 | D:2      | Found a faded altar of an unknown god.
  1508 | D:2      | Reached XP level 3. HP: 21/21 MP: 5/8
  1729 | D:2      | Succumbed to an adder's poison

Illustrated notes

Levels and vault maps discovered:
D:1:      moated_graveyard_arrival, layout_basic, hangedman_decor_points
D:2:      layout_basic, hellmonk_ecumenical_altar_run_dry, uniq_sigmund

Skill      XL: |  1  2 |
---------------+-------+-----
Stealth        | 3 |  3.0
Dodging        | |  2.0
Spellcasting   | |  3.8
Conjurations   | |  1.2
Summonings     | |  1.0
Translocations | |  1.0

Action                   || total
-------------------------++-------
Melee: Dagger            ||    16
       Constrict         ||     4
       Tentacles         ||     2
 Cast: Magic Dart        ||    59
  Use: Potion            ||     1
Armor: Skin              ||     3
Dodge: Dodged            ||    30
